 Dungeon Crawl Stone Soup version 0.26.1-2-gb8aa6d0cf2 (webtiles) character file.

Game seed: 7468390083005695298

186 Eitelfritz the Skirmisher (level 5, -5/47 HPs)
             Began as a Hill Orc Fighter on Mar 19, 2021.
             Killed by divine providence
             ... invoked by an orc priest
              (15 damage)
             ... on level 4 of the Dungeon.
             The game lasted 00:06:17 (3240 turns).

Eitelfritz the Skirmisher (Hill Orc Fighter)        Turns: 3240, Time: 00:06:18

Health: -5/47      AC: 10    Str: 20    XL:     5   Next: 65%
Magic:  5/5        EV:  3    Int:  8    God:
Gold:   125        SH: 14    Dex: 10    Spells: 4/4 levels left

rFire    . . .     SeeInvis .   a - +1 long sword
rCold    . . .     Faith    .   o - +0 tower shield
rNeg     . . .     Spirit   .   i - +0 chain mail
rPois    .         Reflect  .   (no helmet)
rElec    .         Harm     .   z - +0 cloak
rCorr    +         Rampage  .   (no gloves)
Will     .....                  (no boots)
Stlth    ..........             (no amulet)
HPRegen  0.15/turn              v - ring of wizardry
MPRegen  0.09/turn              A - ring of resist corrosion

@: no status effects
A: no striking features
a: Convert to Beogh


You were on level 4 of the Dungeon.
You visited 1 branch of the dungeon, and saw 4 of its levels.

You collected 125 gold pieces.

Inventory:

Hand Weapons
 a - a +1 long sword (weapon)
Missiles
 h - 6 javelins (quivered)
Armour
 b - a +0 scale mail
 c - a +0 kite shield
 i - a +0 chain mail (worn)
 o - a +0 tower shield (worn)
 z - a +0 cloak (worn)
Jewellery
 v - a ring of wizardry (left hand)
 A - a ring of resist corrosion (right hand)
Wands
 y - a wand of paralysis (7)
Scrolls
 f - 2 scrolls of enchant weapon
 n - a scroll of amnesia
 p - 2 scrolls of identify
 s - a scroll of immolation
 u - 2 scrolls of magic mapping
 x - a scroll of remove curse
Potions
 d - 2 potions of might
 e - a potion of berserk rage
 g - a potion of heal wounds
 j - 2 potions of resistance
 m - 2 potions of attraction
 r - 2 potions of haste
 t - a potion of brilliance
 w - 2 potions of cancellation


   Skills:
 + Level 4.5 Fighting
 + Level 3.8 Long Blades
 + Level 4.3 Armour
 + Level 0.2 Dodging
 + Level 0.3 Stealth
 + Level 4.3 Shields


You had 4 spell levels left.
You didn't know any spells.
Your spell library was empty.

Dungeon Overview and Level Annotations

Branches:
Dungeon (4/15)
 Temple: D:4-7

Altars:
Cheibriados
Fedhas
Sif Muna
Uskayaw
Wu Jian
Xom


Message History

You block the orc's attack.
You closely miss the orc priest.
The orc priest is severely wounded.
The orc priest barely misses you. Something hits you but does no damage.
You block the orc's attack. x2; The orc priest hits you.
Something hits you but does no damage.
Your shield and chain mail prevent you from hitting the orc priest.
The orc priest is severely wounded.
The orc hits you with a +0 mace.
* * * LOW HITPOINT WARNING * * *
The orc priest shouts, "Join the one true god or die!"
You block the orc priest's attack. Something hits you but does no damage.
You hit the orc priest.
The orc priest shouts, "Beogh is our master!
Accept the truth or die!"
The orc priest is almost dead.
The orc hits you with a +0 mace.
* * * LOW HITPOINT WARNING * * *
The orc priest invokes the aid of Beogh against you.
Beogh smites you!
You die...

#.. #.#
#.# ###.#
...# ..#
###o#
#.#@#o#
#.o{oo#
#.#lo...#
#.##..###
#<# ....
#.# #.###
### +#


You could see an orc priest, an orc wizard, 3 orcs and a frilled lizard.

Vanquished Creatures
  An orc wizard (D:4)
  3 gnolls
  5 adders
  An ooze (D:1)
  A worm (D:2)
  4 dart slugs
  A leopard gecko (D:3)
  3 orcs (D:3)
  2 ball pythons
  6 giant cockroaches
  6 goblins
  9 hobgoblins
  5 jackals
  A quokka (D:2)
  8 bats
  6 frilled lizards
  4 kobolds
  6 rats
72 creatures vanquished.

Notes
Turn   | Place    | Note
-------+----------+-------------------------------------------
     0 | D:1      | Eitelfritz the Hill Orc Fighter began the quest for the
                  | Orb.
     0 | D:1      | Reached XP level 1. HP: 19/19 MP: 1/1
   122 | D:1      | Reached XP level 2. HP: 24/27 MP: 2/2
   611 | D:1      | Reached XP level 3. HP: 30/33 MP: 3/3
   941 | D:2      | Reached XP level 4. HP: 20/41 MP: 4/4
  1551 | D:2      | Found a faded altar of an unknown god.
  2027 | D:3      | Reached XP level 5. HP: 47/47 MP: 5/5
  2186 | D:3      | Found a shimmering altar of Xom.
  2343 | D:3      | Found a shimmering blue altar of Sif Muna.
  2430 | D:3      | Found a hide-covered altar of Uskayaw.
  2431 | D:3      | Found a shimmering altar of Xom.
  2433 | D:3      | Found a blossoming altar of Fedhas.
  2433 | D:3      | Found a snail-covered altar of Cheibriados.
  3118 | D:3      | Found an ornate altar of the Wu Jian Council.
  3240 | D:4      | Killed from afar by an orc priest

Illustrated notes

Levels and vault maps discovered:
D:1:      amcnicky_arrival_choice, layout_basic, serial_bayou_crossing
D:2:      layout_rooms, chequers_ecumenical_altar_simple_redux
D:3:      layout_basic, grunt_temple_overflow_open,
          pdpol_wu_jian_five_deadly_venoms, lemuel_doored_altar,
          xom_teletrap_fun
D:4:      layout_basic

Skill      XL: |  1  2  3  4  5 |
---------------+----------------+-----
Fighting       | 4 |  4.5
Long Blades    | 3 |  3.8
Shields        | 4 |  4.3
Armour         | 4 |  4.3
Dodging        | |  0.2
Stealth        | |  0.3

Action                   |  1- 3 |  4- 6 || total
-------------------------+-------+-------++-------
Melee: Long sword        |   108 |   192 ||   300
  Use: Scroll            |       |    15 ||    15
       Potion            |       |     2 ||     2
Armor: Scale mail        |    64 |    86 ||   150
       Chain mail        |       |    39 ||    39
Dodge: Dodged            |    41 |    76 ||   117
Block: Kite shield       |    99 |   106 ||   205
       Tower shield      |       |    39 ||    39
       Rpst.: Long sword |    11 |    26 ||    37
